TOP OF THE 1ST |
Bismark Border Guards batting - Pitching for Menlo Maniacs : RHP Thatcher Smith
|
Pitching: RHP Thatcher Smith
|
|
Batting: RHB Tomás Carranza
|
0-0: Ball 1-0: Ground out 4-3 (Groundball, 4)
|
Batting: RHB Jeremy Carr
|
0-0: Ground out 5-3 (Groundball, 56)
|
Batting: SHB Nick Cox
|
0-0: Called Strike 0-1: Foul Ball, location: 2F 0-2: Ball 1-2: Strikes out looking
|
Top of the 1st over - 0 run(s), 0 hit(s), 0 error(s), 0 left on base; Bismark 0 - Menlo 0 |
BOTTOM OF THE 1ST |
Menlo Maniacs batting - Pitching for Bismark Border Guards : RHP Michael Morris
|
Pitching: RHP Michael Morris
|
|
Batting: RHB Robert Downing
|
0-0: Called Strike 0-1: Foul Ball, location: 2F 0-2: Ground out 5-3 (Groundball, 5)
|
Batting: RHB Ernest Russell
|
0-0: Swinging Strike 0-1: Ball 1-1: Called Strike 1-2: Ball 2-2: Strikes out swinging
|
Batting: LHB Arthur Hall
|
0-0: Called Strike 0-1: Ball 1-1: Ball 2-1: Called Strike 2-2: Foul Ball, location: 2F 2-2: Foul Ball, location: 2F 2-2: Ground out 3-1 (Groundball, 34)
|
Bottom of the 1st over - 0 run(s), 0 hit(s), 0 error(s), 0 left on base; Bismark 0 - Menlo 0 |
TOP OF THE 2ND |
Bismark Border Guards batting - Pitching for Menlo Maniacs : RHP Thatcher Smith
|
Batting: LHB Rusty Herbert
|
0-0: Ball 1-0: Foul Ball, location: 2F 1-1: Ball 2-1: Ball 3-1: Called Strike 3-2: Base on Balls
|
Batting: RHB Doug Williams
|
0-0: Fly out, F7 (Flyball, 78XD) Runner from 1st tags up, OUT at 2nd
|
Batting: RHB Mike Wright
|
0-0: Swinging Strike 0-1: Ball 1-1: Called Strike 1-2: Foul Ball, location: 2F 1-2: Ball 2-2: Foul Ball, location: 2F 2-2: Fly out, F4 (Popup, 89S)
|
Top of the 2nd over - 0 run(s), 0 hit(s), 0 error(s), 0 left on base; Bismark 0 - Menlo 0 |
BOTTOM OF THE 2ND |
Menlo Maniacs batting - Pitching for Bismark Border Guards : RHP Michael Morris
|
Batting: LHB Marcos Pérez
|
0-0: SINGLE (Groundball, 34D)
|
Batting: RHB Steve Sampson
|
0-0: Ball 1-0: Ball 2-0: Ball 3-0: Called Strike 3-1: Foul Ball, location: 2F 3-2: Base on Balls Marcos Pérez to second
|
Batting: RHB Júlio Trinidad
|
0-0: Ball 1-0: Foul Ball, location: 2F 1-1: Ball 2-1: DOUBLE (Line Drive, 7LS) Marcos Pérez scores Steve Sampson to third
|
Batting: LHB Marcos Vázquez
|
0-0: Ball 1-0: Called Strike 1-1: Swinging Strike 1-2: Ball 2-2: Ball 3-2: Fly out, F4 (Line Drive, 4)
|
Batting: LHB Keith Green
|
0-0: Ball 1-0: Ball 2-0: Foul Ball, location: 2F 2-1: Ground out 4-3 (Groundball, 4M) Steve Sampson scores Júlio Trinidad to third
|
Batting: RHB Gilberto León
|
0-0: Ball 1-0: Called Strike 1-1: SINGLE (Groundball, 6M) Júlio Trinidad scores
|
Batting: RHB Robert Downing
|
0-0: Ball 1-0: Called Strike 1-1: Ball 2-1: Ball 3-1: Foul Ball, location: 2F 3-2: Fly out, F8 (Line Drive, 8LM)
|
Bottom of the 2nd over - 3 run(s), 3 hit(s), 0 error(s), 1 left on base; Bismark 0 - Menlo 3 |
TOP OF THE 3RD |
Bismark Border Guards batting - Pitching for Menlo Maniacs : RHP Thatcher Smith
|
Batting: RHB Enrico Rodríguez
|
0-0: Ball 1-0: Ball 2-0: Foul Ball, location: 2F 2-1: Foul Ball, location: 2F 2-2: Strikes out swinging
|
Batting: LHB Norbert Mosley
|
0-0: Called Strike 0-1: Foul Ball, location: 2F 0-2: Strikes out swinging
|
Batting: RHB Reynaldo Slomp
|
0-0: Ball 1-0: Foul Ball, location: 2F 1-1: Ball 2-1: Foul Ball, location: 2F 2-2: Foul Ball, location: 2F 2-2: Ball 3-2: Base on Balls
|
Batting: RHB Tomás Carranza
|
0-0: Ball 1-0: Foul Ball, location: 2F 1-1: Called Strike 1-2: Foul Ball, location: 2F 1-2: Foul Ball, location: 2F 1-2: Foul Ball, location: 2F 1-2: SINGLE (Groundball, 56D) Reynaldo Slomp to second
|
Batting: RHB Jeremy Carr
|
0-0: Ball 1-0: Fly out, F8 (Flyball, 8LD)
|
Top of the 3rd over - 0 run(s), 1 hit(s), 0 error(s), 2 left on base; Bismark 0 - Menlo 3 |
BOTTOM OF THE 3RD |
Menlo Maniacs batting - Pitching for Bismark Border Guards : RHP Michael Morris
|
Batting: RHB Ernest Russell
|
0-0: Called Strike 0-1: Ball 1-1: Fly out, F7 (Line Drive, 7D)
|
Batting: LHB Arthur Hall
|
0-0: Called Strike 0-1: Foul Ball, location: 2F 0-2: Ball 1-2: Foul Ball, location: 2F 1-2: SINGLE (Groundball, 6MD)
|
Batting: LHB Marcos Pérez
|
0-0: Ball 1-0: Foul Ball, location: 2F 1-1: Foul Ball, location: 2F 1-2: Foul Ball, location: 2F 1-2: Ball 2-2: Foul Ball, location: 2F 2-2: Grounds into double play, 4-6-3 (Groundball, 4)
|
Bottom of the 3rd over - 0 run(s), 1 hit(s), 0 error(s), 0 left on base; Bismark 0 - Menlo 3 |
TOP OF THE 4TH |
Bismark Border Guards batting - Pitching for Menlo Maniacs : RHP Thatcher Smith
|
Batting: SHB Nick Cox
|
0-0: Ball 1-0: Foul Ball, location: 2F 1-1: Swinging Strike 1-2: Ball 2-2: Ball 3-2: Foul Ball, location: 2F 3-2: SINGLE (Flyball, 7LS)
|
Batting: LHB Rusty Herbert
|
0-0: Called Strike 0-1: Called Strike 0-2: Ball 1-2: Ball 2-2: Foul Ball, location: 2F 2-2: Foul Ball, location: 2F 2-2: Ball 3-2: SINGLE (Line Drive, 7LS) Nick Cox to second
|
Batting: RHB Doug Williams
|
0-0: Called Strike 0-1: Swinging Strike 0-2: Ball 1-2: Foul Ball, location: 2F 1-2: Foul Ball, location: 2F 1-2: Ball 2-2: Strikes out swinging
|
Batting: RHB Mike Wright
|
0-0: Called Strike 0-1: Called Strike 0-2: Grounds into double play, 5-4-3 (Groundball, 56)
|
Top of the 4th over - 0 run(s), 2 hit(s), 0 error(s), 1 left on base; Bismark 0 - Menlo 3 |
BOTTOM OF THE 4TH |
Menlo Maniacs batting - Pitching for Bismark Border Guards : RHP Michael Morris
|
Batting: RHB Steve Sampson
|
0-0: Foul Ball, location: 2F 0-1: Foul Ball, location: 2F 0-2: Ball 1-2: Foul Ball, location: 2F 1-2: Strikes out swinging
|
Batting: RHB Júlio Trinidad
|
0-0: Ball 1-0: Foul Ball, location: 2F 1-1: Ball 2-1: Foul Ball, location: 2F 2-2: Hit by Pitch
|
Batting: LHB Marcos Vázquez
|
0-0: Foul Ball, location: 2F 0-1: Swinging Strike 0-2: Fielders Choice at 2nd, 6-4 (Groundball, 6M)
|
Batting: LHB Keith Green
|
0-0: Ball 1-0: Swinging Strike 1-1: Called Strike 1-2: Ball 2-2: Foul Ball, location: 2F 2-2: Ball 3-2: Base on Balls Marcos Vázquez to second
|
Batting: RHB Gilberto León
|
0-0: Ball 1-0: Ball 2-0: Ball 3-0: Called Strike 3-1: Foul Ball, location: 2F 3-2: Strikes out looking
|
Bottom of the 4th over - 0 run(s), 0 hit(s), 0 error(s), 2 left on base; Bismark 0 - Menlo 3 |
TOP OF THE 5TH |
Bismark Border Guards batting - Pitching for Menlo Maniacs : RHP Thatcher Smith
|
Batting: RHB Enrico Rodríguez
|
0-0: Ball 1-0: Ball 2-0: Called Strike 2-1: Swinging Strike 2-2: Fly out, F8 (Flyball, 8LD)
|
Batting: LHB Norbert Mosley
|
0-0: Ball 1-0: Ball 2-0: Called Strike 2-1: Ground out 6-3 (Groundball, 6)
|
Batting: RHB Reynaldo Slomp
|
0-0: SINGLE (Groundball, 6MD)
|
Batting: RHB Tomás Carranza
|
0-0: Ball 1-0: Foul Ball, location: 2F 1-1: SINGLE (Groundball, 6MD) Reynaldo Slomp to second Runner from 2nd tries for 3rd, SAFE, throw made to third
|
Batting: RHB Jeremy Carr
|
0-0: Ball 1-0: Ball 2-0: Swinging Strike 2-1: Foul Ball, location: 2F 2-2: Strikes out looking
|
Top of the 5th over - 0 run(s), 2 hit(s), 0 error(s), 2 left on base; Bismark 0 - Menlo 3 |
BOTTOM OF THE 5TH |
Menlo Maniacs batting - Pitching for Bismark Border Guards : RHP Michael Morris
|
Batting: RHB Robert Downing
|
0-0: Ball 1-0: Ball 2-0: Ground out 5-3 (Groundball, 56S)
|
Batting: RHB Ernest Russell
|
0-0: Ball 1-0: Fly out, F8 (Flyball, 89D)
|
Batting: LHB Arthur Hall
|
0-0: Called Strike 0-1: SINGLE (Groundball, 13) (infield hit)
|
Batting: LHB Marcos Pérez
|
0-0: Ball 1-0: Ball 2-0: Swinging Strike 2-1: Ball 3-1: Fly out, F7 (Line Drive, 78D)
|
Bottom of the 5th over - 0 run(s), 1 hit(s), 0 error(s), 1 left on base; Bismark 0 - Menlo 3 |
TOP OF THE 6TH |
Bismark Border Guards batting - Pitching for Menlo Maniacs : RHP Thatcher Smith
|
Batting: SHB Nick Cox
|
0-0: Called Strike 0-1: Called Strike 0-2: Ball 1-2: Ball 2-2: Foul Ball, location: 2F 2-2: Foul Ball, location: 2F 2-2: Ball 3-2: Ground out 4-3 (Groundball, 4)
|
Pitching: RHP Will Jackson
|
|
Batting: LHB Rusty Herbert
|
0-0: Ball 1-0: Called Strike 1-1: Fly out, F7 (Flyball, 7LMF)
|
Batting: RHB Doug Williams
|
0-0: Ball 1-0: Ball 2-0: Ball 3-0: Called Strike 3-1: Foul Ball, location: 2F 3-2: Base on Balls
|
Batting: RHB Mike Wright
|
0-0: Called Strike 0-1: Ball 1-1: Called Strike 1-2: Fly out, F8 (Flyball, 8LD)
|
Top of the 6th over - 0 run(s), 0 hit(s), 0 error(s), 1 left on base; Bismark 0 - Menlo 3 |
BOTTOM OF THE 6TH |
Menlo Maniacs batting - Pitching for Bismark Border Guards : RHP Michael Morris
|
Pitching: RHP Nathan Walters
|
|
Batting: RHB Steve Sampson
|
0-0: Ball 1-0: Ball 2-0: Called Strike 2-1: Foul Ball, location: 2F 2-2: Ball 3-2: Foul Ball, location: 2F 3-2: Foul Ball, location: 2F 3-2: Fly out, F9 (Line Drive, 9D)
|
Batting: RHB Júlio Trinidad
|
0-0: Called Strike 0-1: Hit by Pitch
|
Batting: LHB Marcos Vázquez
|
0-0: Called Strike 0-1: Foul Ball, location: 2F 0-2: Strikes out swinging
|
Batting: LHB Keith Green
|
0-0: Ball 1-0: Swinging Strike 1-1: Foul Ball, location: 2F 1-2: Ball 2-2: Fielders Choice at 2nd, U6 (Groundball, 6M)
|
Bottom of the 6th over - 0 run(s), 0 hit(s), 0 error(s), 1 left on base; Bismark 0 - Menlo 3 |
TOP OF THE 7TH |
Bismark Border Guards batting - Pitching for Menlo Maniacs : RHP Will Jackson
|
Batting: RHB Enrico Rodríguez
|
0-0: Ball 1-0: Fly out, F7 (Line Drive, 78M)
|
Batting: LHB Norbert Mosley
|
0-0: Foul Ball, location: 2F 0-1: Foul Ball, location: 2F 0-2: Ball 1-2: Fly out, F4 (Popup, 34D)
|
Batting: RHB Reynaldo Slomp
|
0-0: Foul Ball, location: 2F 0-1: Ground out 6-3 (Groundball, 6M)
|
Top of the 7th over - 0 run(s), 0 hit(s), 0 error(s), 0 left on base; Bismark 0 - Menlo 3 |
BOTTOM OF THE 7TH |
Menlo Maniacs batting - Pitching for Bismark Border Guards : RHP Nathan Walters
|
Batting: RHB Gilberto León
|
0-0: Called Strike 0-1: Called Strike 0-2: Strikes out swinging
|
Batting: RHB Robert Downing
|
0-0: Called Strike 0-1: Ball 1-1: Swinging Strike 1-2: Strikes out swinging
|
Batting: RHB Ernest Russell
|
0-0: Called Strike 0-1: Called Strike 0-2: Ball 1-2: Foul Ball, location: 2F 1-2: Ground out 1-3 (Groundball, 15)
|
Bottom of the 7th over - 0 run(s), 0 hit(s), 0 error(s), 0 left on base; Bismark 0 - Menlo 3 |
TOP OF THE 8TH |
Bismark Border Guards batting - Pitching for Menlo Maniacs : RHP Will Jackson
|
Batting: RHB Tomás Carranza
|
0-0: Called Strike 0-1: Ball 1-1: Ball 2-1: Ground out 3-1 (Groundball, 3)
|
Pitching: RHP David Bishop
|
|
Batting: RHB Jeremy Carr
|
0-0: Ball 1-0: Ball 2-0: Called Strike 2-1: Ball 3-1: Base on Balls
|
Pitching: RHP Domingo Franco
|
|
Batting: SHB Nick Cox
|
0-0: Ball 1-0: Foul Ball, location: 2F 1-1: Foul Ball, location: 2F 1-2: SINGLE (Flyball, 78S) Jeremy Carr to second
|
Pitching: LHP Sam McMillan
|
|
Batting: LHB Rusty Herbert
|
0-0: Called Strike 0-1: Ball 1-1: Swinging Strike 1-2: Ball 2-2: Strikes out swinging
|
Batting: RHB Doug Williams
|
0-0: 3-RUN HOME RUN (Flyball, 7D), Distance : 370 ft
|
Batting: RHB Mike Wright
|
0-0: Called Strike 0-1: Ground out 4-3 (Groundball, 4)
|
Top of the 8th over - 3 run(s), 2 hit(s), 0 error(s), 0 left on base; Bismark 3 - Menlo 3 |
BOTTOM OF THE 8TH |
Menlo Maniacs batting - Pitching for Bismark Border Guards : RHP Nathan Walters
|
Pitching: RHP Beau Murphy
|
|
Batting: LHB Arthur Hall
|
0-0: Called Strike 0-1: Ball 1-1: Swinging Strike 1-2: Ball 2-2: SINGLE (Groundball, 34D)
|
Batting: LHB Marcos Pérez
|
0-0: Ball 1-0: Swinging Strike 1-1: Foul Ball, location: 2F 1-2: Foul Ball, location: 2F 1-2: Foul Ball, location: 2F 1-2: Ball 2-2: Strikes out looking
|
Batting: RHB Steve Sampson
|
0-0: Ball Wild Pitch! Arthur Hall to second 1-0: Foul Ball, location: 2F 1-1: Foul Ball, location: 2F 1-2: Ball 2-2: Strikes out swinging
|
Pinch Hitting: LHB Jeff Tucker
|
0-0: Intentional Walk
|
Batting: LHB Marcos Vázquez
|
0-0: Foul Ball, location: 2F 0-1: Ball 1-1: Ball 2-1: Ball 3-1: SINGLE (Line Drive, 6MD) Arthur Hall to third Jeff Tucker to second Runner from 3rd tries for Home, SAFE, no throw or cutoff
|
Batting: LHB Keith Green
|
0-0: Ball 1-0: Ball 2-0: Called Strike 2-1: Ball 3-1: Called Strike 3-2: Foul Ball, location: 2F 3-2: Strikes out swinging
|
Bottom of the 8th over - 1 run(s), 2 hit(s), 0 error(s), 2 left on base; Bismark 3 - Menlo 4 |
TOP OF THE 9TH |
Bismark Border Guards batting - Pitching for Menlo Maniacs : LHP Sam McMillan
|
Pitching: RHP James Jones
|
|
Now at 3B: Luis Ramírez
|
|
Pinch Hitting: LHB Héctor Rentería
|
0-0: Called Strike 0-1: Called Strike 0-2: Strikes out swinging
|
Batting: LHB Norbert Mosley
|
0-0: Called Strike 0-1: Foul Ball, location: 2F 0-2: Foul Ball, location: 2F 0-2: Ball 1-2: Foul Ball, location: 2F 1-2: Fly out, F7 (Flyball, 78M)
|
Pinch Hitting: SHB Vicente Pagán
|
0-0: Ball 1-0: Called Strike 1-1: Swinging Strike 1-2: Strikes out swinging
|
Top of the 9th over - 0 run(s), 0 hit(s), 0 error(s), 0 left on base; Bismark 3 - Menlo 4 |
|